 Dungeon Crawl Stone Soup version 0.29.0-11-gd7f09526c8 (webtiles) character file.

Game seed: 11250659346219360255

70 SensoryNuts the Trooper (level 4, 0/40 HPs)
             Began as a Draconian Fighter on Sept 6, 2022.
             Slain by a goblin
             ... wielding a +0 club
              (1 damage)
             ... on level 2 of the Dungeon.
             The game lasted 00:01:46 (1092 turns).

SensoryNuts the Trooper (Draconian Fighter)         Turns: 1092, Time: 00:01:46

Health: 0/40       AC:  6    Str: 18    XL:     4   Next: 4%
Magic:  4/4        EV: 12    Int:  9    God:
Gold:   86         SH:  4    Dex: 12    Spells: 3/3 levels left

rFire   . . .      SeeInvis .   a - +1 long sword (venom)
rCold   . . .      Faith    .   b - +0 buckler
rNeg    . . .      Spirit   .   (body armour unavailable)
rPois   .          Reflect  .   (helmet restricted)
rElec   .          Harm     .   (no cloak)
rCorr   .          Rampage  .   n - +0 pair of gloves
Will    .....                   (no boots)
Stlth   +.........              (no amulet)
HPRegen 0.13/turn               (no ring)
MPRegen 0.09/turn               (no ring)

@: mighty
A: AC +5, unfitting armour, cold-blooded
a: no special abilities


You were on level 2 of the Dungeon.
You visited 1 branch of the dungeon, and saw 2 of its levels.

You collected 86 gold pieces.

Inventory:

Hand Weapons
 a - a +1 long sword of venom (weapon)
Armour
 b - a +0 buckler (worn)
 n - a +0 pair of gloves (worn)
Scrolls
 d - a scroll of teleportation
 f - a scroll of identify
Potions
 e - a potion of lignification
 g - 2 potions of curing


   Skills:
 + Level 3.9 Fighting
 * Level 2.8 Long Blades
 + Level 3.0 Dodging
 + Level 0.4 Stealth
 + Level 3.5 Shields


You had 3 spell levels left.
You didn't know any spells.
Your spell library contained the following spells:

 Spells                   Type           Power      Damage    Failure   Level
 Foxfire                  Conj/Fire      0%         2x1d4     47%         1
 Blink                    Tloc           0%         N/A       63%         2
 Passwall                 Tmut/Erth      0%         N/A       63%         2
 Sublimation of Blood     Necr           0%         N/A       63%         2
 Wereblood                Tmut           0%         N/A       63%         2
 Conjure Flame            Conj/Fire      0%         6-21      85%         3
 Inner Flame              Hex/Fire       0%         N/A       85%         3
 Spider Form              Tmut/Pois      0%         N/A       85%         3
 Flame Wave               Conj/Fire      0%         2d4       99%         4
 Manifold Assault         Tloc           0%         N/A       100%        5
 Storm Form               Tmut/Air       0%         N/A       100%        7


Dungeon Overview and Level Annotations

Branches:
Dungeon (2/15)

Altars:
Vehumet


Innate Abilities, Weirdness & Mutations

Your plain brown scales are hard. (AC +5)
You cannot fit into any form of body armour.
You are cold-blooded and may be slowed by cold attacks.


Message History

You are too injured to fight recklessly!
You are too injured to fight recklessly!
You are too injured to fight recklessly!
You are too injured to fight recklessly!
Unknown command.
You feel very mighty all of a sudden.
The gnoll hits you from afar with a +0 spear.
The gnoll barely misses you. The goblin hits you with a +0 club.
You slash the gnoll!
The gnoll is poisoned.
The gnoll is severely wounded.
The gnoll closely misses you.
The gnoll drinks a potion.
The gnoll is healed!
The goblin closely misses you.
You barely miss the gnoll.
Your tail-slap misses the gnoll.
The gnoll hits you with a +0 club.
* * * LOW HITPOINT WARNING * * *
You block the gnoll's attack. The goblin hits you but does no damage.
You slash the gnoll!
You kill the gnoll!
The gnoll hits you from afar with a +0 spear.
* * * LOW HITPOINT WARNING * * *
The goblin hits you with a +0 club.
* * * LOW HITPOINT WARNING * * *
The gnoll hits you from afar with a +0 spear.
* * * LOW HITPOINT WARNING * * *
The goblin barely misses you. The gnoll hits you with a +0 spear.
* * * LOW HITPOINT WARNING * * *
The goblin hits you but does no damage.
You barely miss the gnoll.
Your tail-slap misses the gnoll.
You block the gnoll's attack. The goblin hits you with a +0 club.
* * * LOW HITPOINT WARNING * * *
Unknown command.
You slash the gnoll!
You kill the gnoll!
The goblin hits you but does no damage.
You have reached level 4!
You feel clever.
You barely miss the goblin. The goblin barely misses you.
The goblin hits you with a +0 club.
You die...

.........##...#...###
.........##.....#...#.
................#....
................#...
.........#.._.....#
......##..........#
......##..........#
......##........).#
......##....##.g@.# #..
...#####....##...)......
..#..
...#####....##..........
.....
............##..........
+#.#.
##.........##...........
.....
#.........##...#....###
>....
#.........##...#....#
..... #.........##...
....# ..... #.........#
.....


You could see a goblin.

Vanquished Creatures
  4 gnolls (D:2)
  A dart slug (D:1)
  5 endoplasms
  3 hobgoblins (D:1)
  3 quokkas
  2 ball pythons
  4 bats (D:1)
  3 frilled lizards
  2 kobolds
  5 rats
32 creatures vanquished.

Notes
Turn   | Place    | Note
-------+----------+-------------------------------------------
     0 | D:1      | SensoryNuts the Draconian Fighter began the quest for the
                  | Orb.
     0 | D:1      | Reached XP level 1. HP: 19/19 MP: 1/1
   218 | D:1      | Got the Discourse on Ghastly Evolution
   295 | D:1      | Reached XP level 2. HP: 26/26 MP: 2/2
   411 | D:1      | Found a faded altar of an unknown god.
   992 | D:2      | Reached XP level 3. HP: 29/33 MP: 3/3
  1052 | D:2      | Found a radiant altar of Vehumet.
  1090 | D:2      | HP: 1/33 [goblin/+0 club (1)]
  1092 | D:2      | Reached XP level 4. HP: 1/40 MP: 4/4
  1092 | D:2      | Slain by a goblin

Illustrated notes

Levels and vault maps discovered:
D:1:      sevenhm_arrival_forest_fort_large_2, layout_basic,
          shapermc_ecumenical_altar_ellora
D:2:      layout_basic, basic_altar

Skill      XL: |  1  2  3 |
---------------+----------+-----
Dodging        | 3 |  3.0
Fighting       | |  3.9
Long Blades    | |  2.8
Stealth        | |  0.4
Shields        | |  3.5

Action                   |  1- 3 |  4- 6 || total
-------------------------+-------+-------++-------
Melee: Long sword        |    64 |     1 ||    65
       Tailslap          |     9 |       ||     9
  Use: Scroll            |     9 |       ||     9
       Potion            |     1 |       ||     1
 Stab: Sleeping          |     1 |       ||     1
Armor: Skin              |    23 |       ||    23
Dodge: Dodged            |    34 |     1 ||    35
Block: Buckler           |    13 |       ||    13
